 Dungeon Crawl Stone Soup version 0.30-a0-879-ga8ba668304 (webtiles) character file.

Game seed: 3848553072147686386

38358 Iich the Severer (level 13, -3/183 HPs)
             Began as a Demonspawn Fighter on Mar 12, 2023.
             Was the Champion of Okawaru.
             Slain by a komodo dragon (17 damage)
             ... on level 5 of the Lair of Beasts.
             The game lasted 00:28:32 (11642 turns).

Iich the Severer (Demonspawn Fighter)              Turns: 11642, Time: 00:28:34

Health: -3/183     AC: 13    Str: 14    XL:     13   Next: 63%
Magic:  13/13      EV: 17    Int: 13    God:    Okawaru [******]
Gold:   841        SH:  6    Dex: 17    Spells: 12/12 levels left

rFire   + + .      SeeInvis +    V - +4 broad axe (heavy)
rCold   + + .      Faith    .    c - +1 buckler
rNeg    . . .      Spirit   .    l - +1 chain mail "Qilongoc" {rF+ rC+ Str-2 SInv}
rPois   .          Reflect  .    A - +2 helmet
rElec   .          Rampage  .    q - scarf {rC+ rF+}
rCorr   +                        (no gloves)
Will    .....                    (no boots) Stlth
                                 r - amulet of Wuleisod {Fly Regen+}
HPRegen 1.30/turn                m - +5 ring of evasion
MPRegen 0.13/turn                E - ring of resist corrosion

@: berserking (expiring), flying, slowed, repel missiles
A: claws 2, repulsion field 3, foul stench 2, spiny 1, clever 1, robust 1
a: Renounce Religion, Heroism, Finesse, Duel


You were on level 5 of the Lair of Beasts.
You worshipped Okawaru.
Okawaru was exalted by your worship.
You visited 3 branches of the dungeon, and saw 17 of its levels.
You also visited: Ossuary.

You collected 946 gold pieces.
You spent 105 gold pieces at shops.

Inventory:

Hand Weapons
 H - a +7 demon trident of venom
 V - a +4 heavy broad axe (weapon)
Missiles
 J - a throwing net (quivered)
Armour
 c - a +1 buckler (worn)
 j - quicksilver dragon scales
 l - the +1 chain mail "Qilongoc" (worn) {rF+ rC+ Str-2 SInv}
   (You found it on level 5 of the Lair of Beasts)

   Str:       It affects your strength (-2).
   rF:        It protects you from fire.
   rC:        It protects you from cold.
   SInv:      It lets you see invisible.
 n - a +2 scale mail of poison resistance
 q - a scarf of resistance (worn)
 A - a +2 helmet (worn)
 M - a +2 plate armour of fire resistance
Jewellery
 m - a +5 ring of evasion (left claw)
 r - the amulet of Wuleisod (around neck) {Fly Regen+}
   (You bought it in a shop on level 2 of the Dungeon)

   [amulet of regeneration]

   Fly:       It grants you flight.
   Regen:     It increases your rate of health regeneration.
 E - a ring of resist corrosion (right claw)
Wands
 K - a wand of digging (6)
 N - a wand of paralysis (4)
 O - a wand of roots (3)
 S - a wand of flame (3)
 U - a wand of acid (3)
Scrolls
 a - a scroll of butterflies {unknown}
 b - a scroll of vulnerability
 g - 3 scrolls of amnesia
 h - 2 scrolls of poison
 s - a scroll of noise
 t - a scroll of torment
 u - a scroll of blinking
 v - a scroll of silence
 w - a scroll of immolation
 y - 3 scrolls of fear
 B - 7 scrolls of teleportation
 L - a scroll of magic mapping
 R - a scroll of fog {unknown}
Potions
 d - 5 potions of might
 e - 2 potions of haste
 f - 2 potions of resistance
 i - 3 potions of heal wounds
 k - 6 potions of brilliance
 p - 2 potions of berserk rage
 z - a potion of invisibility
 C - a potion of lignification
 D - a potion of mutation
 F - 6 potions of curing
 G - a potion of cancellation
 I - a potion of attraction
 Q - 2 potions of flight


   Skills:
 + Level 13.5 Fighting
 * Level 16.9 Axes
 - Level 2.6 Armour
 + Level 6.6 Dodging
 - Level 2.6 Shields


You had 12 spell levels left.
You didn't know any spells.
Your spell library contained the following spells:

 Spells                   Type           Power      Damage    Failure   Level
 Necrotise                Necr           0%         1d4       100%        1
 Shock                    Conj/Air       0%         1d3       100%        1
 Slow                     Hex            0%         N/A       100%        1
 Blink                    Tloc           0%         N/A       100%        2
 Sublimation of Blood     Necr           0%         N/A       100%        2
 Confusing Touch          Hex            0%         N/A       100%        3
 Inner Flame              Hex/Fire       0%         N/A       100%        3
 Swiftness                Air            0%         N/A       100%        3
 Vampiric Draining        Necr           0%         2d6       100%        3
 Airstrike                Air            0%         2d(0-16)  100%        4
 Cause Fear               Hex            0%         N/A       100%        4
 Manifold Assault         Tloc           0%         N/A       100%        4
 Passage of Golubria      Tloc           0%         N/A       100%        4
 Petrify                  Tmut/Erth      0%         N/A       100%        4
 Agony                    Necr           0%         N/A       100%        5
 Fireball                 Conj/Fire      0%         3d3       100%        5
 Irradiate                Conj/Tmut      0%         3d11      100%        5
 Iskenderun's Battlesphe  Conj           0%         2d6       100%        5
 Silence                  Hex/Air        0%         N/A       100%        5
 Conjure Ball Lightning   Conj/Air       0%         3x3d6     100%        6
 Orb of Destruction       Conj           0%         9d5       100%        7
 Storm Form               Tmut/Air       0%         N/A       100%        7
 Discord                  Hex            0%         N/A       100%        8
 Lehudib's Crystal Spear  Conj/Erth      0%         10d2      100%        8
 Summon Guardian Golem    Hex/Summ       Unusable   N/A       N/A         3
 Spellforged Servitor     Conj/Summ      Unusable   N/A       N/A         7

Dungeon Overview and Level Annotations

Branches:
Dungeon (11/15)            Temple (1/1) D:6            Lair (5/5) D:9
  Swamp (0/4) Lair:3       Spider (0/4) Lair:3        Slime (0/5) Lair:4
    Orc (0/2) D:11        Ossuary (visited)

Altars:
Ashenzari
Cheibriados
Dithmenos
Fedhas
Gozag
Hepliaklqana
Kikubaaqudgha
Makhleb
Nemelex Xobeh
Okawaru
Qazlal
Ru
Sif Muna
Trog
Uskayaw
Vehumet
Wu Jian
Xom
Yredelemnul
Jiyva

Shops:
D:2 *   D:9 *

Annotations:
D:9 3 runed translucent doors, exclusion: obsidian statue, LobsterGuardian's ghost, journeyman DsGl


Innate Abilities, Weirdness & Mutations

You have very sharp fingernails.
You are surrounded by a strong repulsion field. (EV +4, RMsl)
You sometimes emit foul miasma when damaged in melee.
You are partially covered in sharp spines.
Your mind is acute. (Int +4, Str/Dex -1)
You are robust. (+10% HP)


Message History

You slice the blink frog!!
You kill the blink frog!
Okawaru accepts your kill.
You slice the blink frog!!
You kill the blink frog!
Okawaru accepts your kill. You block the elephant's attack.
The elephant misses you.
The blink frog blinks!
A torpor snail comes into view.
Being near the torpor snail leaves you feeling lethargic.
You slice the elephant!!
The elephant is severely wounded.
You slash the elephant! You block the elephant's attack.
The elephant trunk-slaps you but does no damage.
The elephant misses you. The elephant barely misses you.
The blink frog blinks!
Unknown command.
You barely miss the komodo dragon. You hit the elephant but do no damage.
You slice the elephant!!
You hear the loud beating of a drum nearby.
The elephant barely misses you. You block the elephant's attack. x2
The elephant trunk-slaps you.
* * * LOW HITPOINT WARNING * * *
You emit a cloud of foul miasma!
The komodo dragon is struck by your spines.
The komodo dragon bites you!!
* * * LOW HITPOINT WARNING * * *
The elephant is engulfed in dark miasma.
The elephant is poisoned.
The elephant barely misses you.
The elephant trunk-slaps you but does no damage.
The komodo dragon is struck by your spines.
The komodo dragon bites you!
* * * LOW HITPOINT WARNING * * *
The elephant is struck by your spines. The elephant completely misses you. x2
You hit the komodo dragon.
The komodo dragon is moderately wounded.
You slash the elephant! x2
You kill the elephant!
Okawaru accepts your kill.
The blink frog blinks!
The komodo dragon bites you!
You die...

,,,**,*,,,,,,,,,,,,,,,*,,,,,,**,,
,,,,,,,*,..........#*,,,,,,,,**,,
*,,,,,***..........#*,,*,,,,,**,,
,*,,,,,**.......$..#**,,,********
,**,,,,**^.........#*,,*,,,*,,,*,
,,,,,,**,......§...#*,,,,,**,,,*,
,,*,*,*,,.....F....##,,,,,,*,,,,,
,,*******......°§Y..#,,,,,,***,*,
*******,,...F..l@☼..##*,,,,,,,,,,
,,,,,,,,,......°.†...###,,,,,,,,,
,,,,,,,,,....F..†††....##***,,,**
,,,,,,,,,...............# #######
,*,,*,*,,#.......#......###..##..
,,*,,***,..w..##..##.............
,*,,,*,**#....,#P...#............
**,,,,,,*...........#............
,*,,,,,,,,l.,..#...P##...........


You could see an elephant, a torpor snail, a komodo dragon and 3 blink frogs.

Vanquished Creatures
  Kirke (Lair:4)
  Snorg (Lair:5)
  Harold (D:9)
  2 boulder beetles
  A two-headed ogre (D:10)
  Urug (Lair:4)
  Nergalle (Lair:3)
  Pikel (D:9)
  A lindwurm (Lair:5)
  A cyclops (D:11)
  5 black mambas
  15 elephants
  Joseph (D:9)
  7 cane toads
  3 rime drakes
  9 komodo dragons
  6 polar bears
  A hornet (D:8)
  Grinder (D:6)
  13 dream sheep
  9 blink frogs
  A shadow (D:10)
  A jumping spider (Lair:3)
  3 wyverns
  A vampire (D:11)
  2 wraiths
  6 hogs (Lair:4)
  4 basilisks
  19 yaks
  A steam dragon (D:6)
  A redback (Lair:3)
  4 vampire mosquitoes (D:11)
  Menkaure (D:7)
  A two-headed ogre zombie (D:11)
  An acid dragon (D:11)
  Edmund (D:6)
  2 orc warriors
  10 water moccasins
  A sky beast (D:7)
  A hornet zombie (Ossuary)
  4 ice beasts
  4 ogres
  A swamp drake (Lair:3)
  14 black bears
  2 centaurs
  4 lemures (D:9)
  3 phantoms
  An elf zombie (D:8)
  2 kobold brigands (D:8)
  2 wyvern zombies (Ossuary)
  11 bullfrogs
  2 water moccasin zombies (Ossuary)
  2 elf skeletons (D:8)
  4 scorpions
  4 wights (D:6)
  2 troll zombies (D:11)
  9 killer bees
  3 electric eels
  2 howler monkeys
  7 bullfrog zombies (Ossuary)
  2 centaur zombies (Ossuary)
  2 jellies (D:4)
  4 hounds
  6 orc priests
  A gnoll bouda (D:5)
  2 human skeletons (D:8)
  7 iguanas
  2 sleepcaps
  14 orc wizards
  A killer bee zombie (Ossuary)
  5 ogre zombies (D:11)
  15 mummies (Ossuary)
  4 howler monkey zombies (Ossuary)
  8 gnolls (D:5)
  12 adders
  A shadow imp (D:7)
  A white imp (D:6)
  An ufetubus (D:6)
  41 orcs
  6 endoplasms
  3 giant cockroaches
  8 goblins
  9 hobgoblins
  2 jackals (D:1)
  9 quokkas
  11 ball pythons
  5 bats
  2 frilled lizards
  4 goblin skeletons (D:11)
  2 goblin zombies (D:11)
  A hobgoblin skeleton (D:11)
  A hobgoblin zombie (D:11)
  15 kobolds
  3 orc skeletons
  15 orc zombies (D:11)
  8 rats
458 creatures vanquished.

Vanquished Creatures (others)
  19 fungi
  15 plants
  5 withered plants (Ossuary)
39 creatures vanquished.

Grand Total: 497 creatures vanquished

Notes
Turn   | Place    | Note
-------+----------+-------------------------------------------
     0 | D:1      | Iich the Demonspawn Fighter began the quest for the Orb.
     0 | D:1      | Reached XP level 1. HP: 18/18 MP: 1/1
    52 | D:1      | Reached skill level 2 in Axes
   145 | D:1      | Gained mutation: You are surrounded by a mild repulsion
                  | field. (EV +2) [demonic ancestry]
   145 | D:1      | Reached XP level 2. HP: 22/24 MP: 2/2
   731 | D:2      | Reached XP level 3. HP: 29/29 MP: 3/3
   836 | D:2      | Reached skill level 3 in Axes
   915 | D:2      | Found Jiuplorph's Assorted Antiques.
  1183 | D:2      | Reached XP level 4. HP: 35/37 MP: 4/4
  1441 | D:3      | Identified the +8 hand axe of Zucabets {drain, Fly rElec
                  | Will+ Str+3}
  1686 | D:2      | Bought a flickering golden amulet for 105 gold pieces
  1686 | D:2      | Identified the amulet of Wuleisod {Fly Regen+} (You bought
                  | it in a shop on level 2 of the Dungeon)
  1860 | D:4      | Reached skill level 4 in Axes
  1860 | D:4      | Gained mutation: You are partially covered in sharp spines.
                  | [demonic ancestry]
  1860 | D:4      | Reached XP level 5. HP: 42/42 MP: 5/5
  1880 | D:4      | Found a sparkling altar of Nemelex Xobeh.
  1921 | D:4      | Noticed a black bear
  1921 | D:4      | Noticed an ogre
  1930 | D:4      | Killed a black bear
  1931 | D:4      | Gained mutation: You may rarely emit foul miasma when
                  | damaged in melee. [demonic ancestry]
  1931 | D:4      | Reached XP level 6. HP: 48/49 MP: 6/6
  1935 | D:4      | Reached skill level 5 in Axes
  2082 | D:4      | Reached skill level 5 in Fighting
  2287 | D:4      | Reached XP level 7. HP: 56/56 MP: 7/7
  2387 | D:5      | Entered Level 5 of the Dungeon
  2387 | D:5      | Found a radiant altar of Vehumet.
  2394 | D:4      | Reached skill level 6 in Axes
  2583 | D:5      | Reached skill level 7 in Axes
  2613 | D:5      | Gained mutation: You have sharp fingernails. [demonic
                  | ancestry]
  2613 | D:5      | Reached XP level 8. HP: 55/64 MP: 8/8
  2633 | D:5      | Found a burning altar of Makhleb.
  2997 | D:5      | Reached skill level 8 in Axes
  3042 | D:5      | Found an iron altar of Okawaru.
  3207 | D:5      | Reached skill level 9 in Axes
  3207 | D:5      | Gained mutation: You are surrounded by a moderate repulsion
                  | field. (EV +3) [demonic ancestry]
  3207 | D:5      | Reached XP level 9. HP: 40/72 MP: 9/9
  3403 | D:6      | Found a sacrificial altar of Ru.
  3451 | D:6      | Reached skill level 10 in Axes
  3624 | D:6      | Found a staircase to the Ecumenical Temple.
  3647 | Temple   | Entered the Ecumenical Temple
  3751 | D:5      | Became a worshipper of Warmaster Okawaru
  3809 | D:6      | Identified the +7 flail of Okawaru's Approval {heavy, *Slow
                  | rC+ Int+2 Dex+4}
  3810 | D:6      | Noticed Grinder
  3821 | D:6      | Killed Grinder
  3915 | D:6      | Noticed Edmund
  3927 | D:6      | Killed Edmund
  4300 | D:7      | Reached skill level 11 in Axes
  4300 | D:7      | Gained mutation: You are surrounded by a strong repulsion
                  | field. (EV +4, RMsl) [demonic ancestry]
  4300 | D:7      | Reached XP level 10. HP: 81/82 MP: 10/10
  4536 | D:7      | Found an opulent altar of Gozag.
  4553 | D:7      | Noticed Menkaure
  4557 | D:7      | Killed Menkaure
  4639 | D:8      | Reached * piety under Okawaru
  4742 | D:8      | Found a sand-covered staircase.
  4753 | Ossuary  | Entered an ossuary
  5017 | Ossuary  | Reached ** piety under Okawaru
  5154 | D:8      | Reached skill level 12 in Axes
  5435 | D:8      | Gained mutation: You are vulnerable to cold. (rC-) [potion
                  | of mutation]
  5435 | D:8      | Gained mutation: You are frail. (-10% HP) [potion of
                  | mutation]
  5437 | D:8      | Lost mutation: You are vulnerable to cold. (rC-) [potion of
                  | mutation]
  5437 | D:8      | Lost mutation: You are frail. (-10% HP) [potion of
                  | mutation]
  5437 | D:8      | Gained mutation: You are robust. (+10% HP) [potion of
                  | mutation]
  5437 | D:8      | Gained mutation: Your mind is acute. (Int +4, Str/Dex -1)
                  | [potion of mutation]
  5756 | D:9      | Noticed Joseph
  5764 | D:9      | Killed Joseph
  5765 | D:9      | Reached skill level 10 in Fighting
  5816 | D:9      | Found a runed translucent gate.
  5816 | D:9      | Found a runed translucent gate.
  5816 | D:9      | Found a runed translucent gate.
  5817 | D:9      | Found an opulent altar of Gozag.
  5818 | D:9      | Found Cageshus's Assorted Antiques.
  5818 | D:9      | Noticed a white ugly thing
  5818 | D:9      | Noticed a cyclops
  5818 | D:9      | Noticed an obsidian statue
  5819 | D:9      | Noticed an eight-headed hydra
  5819 | D:9      | Noticed LobsterGuardian's ghost (journeyman DsGl)
  5852 | D:9      | Noticed Harold
  5865 | D:9      | Killed Harold
  5924 | D:9      | Found a staircase to the Lair.
  5924 | D:9      | Noticed an elephant
  5933 | D:9      | Reached *** piety under Okawaru
  5941 | D:9      | Killed an elephant
  5942 | D:9      | Reached XP level 11. HP: 101/101 MP: 11/11
  6084 | D:9      | Found a snail-covered altar of Cheibriados.
  6095 | D:9      | Noticed Pikel
  6111 | D:9      | Killed Pikel
  6112 | D:9      | Reached skill level 13 in Axes
  6320 | D:9      | Found a hazy altar of Hepliaklqana.
  6346 | D:9      | Found a broken altar of Ashenzari.
  6454 | D:10     | Entered Level 10 of the Dungeon
  6553 | D:10     | Noticed a two-headed ogre
  6566 | D:10     | Killed a two-headed ogre
  6566 | D:10     | Reached **** piety under Okawaru
  6969 | D:11     | Found a staircase to the Orcish Mines.
  7495 | D:11     | Reached ***** piety under Okawaru
  7608 | D:11     | Noticed a boulder beetle
  7635 | D:11     | Killed a boulder beetle
  7636 | D:11     | Reached skill level 14 in Axes
  7982 | Lair:1   | Entered Level 1 of the Lair of Beasts
  8098 | Lair:1   | Identified the +1 battleaxe "Asaukh" {drain, rCorr Int+2}
                  | (Okawaru gifted it to you on level 1 of the Lair of Beasts)
  8098 | Lair:1   | Received a gift from Okawaru
  8689 | Lair:2   | Reached skill level 1 in Dodging
  8924 | Lair:2   | Gained mutation: You sometimes emit foul miasma when
                  | damaged in melee. [demonic ancestry]
  8924 | Lair:2   | Reached XP level 12. HP: 99/111 MP: 12/12
  9176 | Lair:2   | Reached ****** piety under Okawaru
  9601 | Lair:3   | Found a staircase to the Swamp.
  9631 | Lair:3   | Noticed Nergalle
  9638 | Lair:3   | Reached skill level 15 in Axes
  9653 | Lair:3   | Killed Nergalle
  9653 | Lair:3   | Received a gift from Okawaru
  9796 | Lair:3   | Identified the +5 flail "Eviscerator" {holy, Drain rF+ rN+
                  | Str+4}
 10107 | Lair:3   | Received a gift from Okawaru
 10152 | Lair:3   | Found a hole to the Spider Nest.
 10374 | Lair:3   | Identified the +2 falchion of the Shifting Gnat {protect,
                  | rCorr Str+3}
 10586 | Lair:4   | Reached skill level 5 in Dodging
 10678 | Lair:4   | Noticed Urug
 10681 | Lair:4   | Reached skill level 16 in Axes
 10681 | Lair:4   | Gained mutation: You have very sharp fingernails. [demonic
                  | ancestry]
 10681 | Lair:4   | Reached XP level 13. HP: 103/119 MP: 13/13
 10691 | Lair:4   | Killed Urug
 10760 | Lair:4   | Identified the +2 dagger "Ediurgh" {freeze, rPois rN+++
                  | MP-9 Int-2}
 10851 | Lair:4   | Found a viscous altar of Jiyva.
 10852 | Lair:4   | Found a staircase to the Slime Pits.
 11223 | Lair:4   | Noticed Kirke
 11226 | Lair:4   | Identified the +5 battleaxe of Sloth {freeze, *Corrode
                  | Str+3 Int+3} (Okawaru gifted it to you on level 4 of the
                  | Lair of Beasts)
 11226 | Lair:4   | Received a gift from Okawaru
 11240 | Lair:4   | Noticed a sphinx
 11243 | Lair:4   | Killed Kirke
 11495 | Lair:5   | Entered Level 5 of the Lair of Beasts
 11572 | Lair:5   | Identified the +1 chain mail "Qilongoc" {rF+ rC+ Str-2
                  | SInv}
 11620 | Lair:5   | Noticed Snorg
 11630 | Lair:5   | Killed Snorg
 11642 | Lair:5   | Slain by a komodo dragon

Illustrated notes

Levels and vault maps discovered:
D:1:      dpeg_arrival_refuge, layout_loops_ring, chequers_serial_rivers_room_b,
          minmay_misc_feat_nine_boxes
D:2:      layout_basic, serial_shops, shop
D:3:      layout_rooms, palyth_stone_intersect, kennysheep_generic_room_5
D:4:      layout_rooms, lemuel_round_altar, chequers_serial_rivers_micro_a
D:5:      minmay_skewed_foursquare, layout_cave_pools, vehumet_crystals,
          okawaru_altar_gauntlet_db, mainiacjoe_overflow_tiny_flanked
D:6:      layout_basic, nicolae_overflow_hidden_temple,
          minmay_temple_entry_tees, serial_bayou_pond_b, uniq_edmund,
          uniq_grinder
D:7:      layout_layer_cave, nicolae_gozag_cash_rules_everything_around_me,
          uniq_menkaure
D:8:      layout_basic, tso_metal_star, nicolae_ossuary_entry_catacombs
D:9:      layout_basic, nzn_hepliaklqana_mist_gate,
          mainiacjoe_overflow_catwalk_spiral, david_lair_generic,
          ebering_ghost_gozag, serial_park_tiny_2, uniq_joseph, uniq_pikel,
          uniq_harold
D:10:     layout_big_octagon, nicolae_elyvilon_temple_path
D:11:     layout_basic, zombieorc2_lemuel
Temple:   hellmonk_temple_of_storms
Lair:1:   layout_gridlike, st_stairs_5, grunt_forest_small_clearing_treed
Lair:2:   layout_roguey, minivault_19, serial_bayou_pond_b, beast_lair_carwin_9
Lair:3:   beast_lair_carwin_large_1, layout_cave_shapes,
          minmay_swamp_entry_reptiles, spider_nest_entry_a, uniq_nergalle
Lair:4:   layout_long_grid, slime_entry_1, lemuel_fruit_tree, uniq_urug,
          uniq_kirke
Lair:5:   hangedman_lair_in_review, layout_regular_city, wormcave,
          gauntlet_entry_generic, nicolae_quartered_pool_little, uniq_snorg

Skill      XL: |  1  2  3  4  5  6  7  8  9 10 11 12 13 |
---------------+----------------------------------------+-----
Axes           | 2 3 4 5 7 9 11 12 14 16 | 16.9
Fighting       | 4 5 6 7 8 10 11 12 13 | 13.5
Dodging        | 1 5 6 |  6.6
Armour         | |  2.6
Shields        | |  2.6

Action                     |  1- 3 |  4- 6 |  7- 9 | 10-12 | 13-15 || total
---------------------------+-------+-------+-------+-------+-------++-------
  Melee: War axe           |   136 |     9 |       |       |       ||   145
         Hand axe          |       |    66 |   197 |   627 |       ||   890
         Battleaxe         |       |       |       |    94 |    27 ||   121
         Broad axe         |       |       |       |       |    56 ||    56
         Unarmed           |       |       |       |       |     8 ||     8
 Invoke: Heroism           |       |       |       |     2 |       ||     2
  Evoke: Wand              |       |       |       |       |     5 ||     5
    Use: Potion            |     2 |     2 |     1 |     7 |     2 ||    14
         Scroll            |       |     1 |     5 |    10 |     9 ||    25
 Armour: Scale mail        |    56 |       |       |       |       ||    56
         Quicksilver drago |    11 |    19 |    52 |    33 |       ||   115
         Plate armour      |       |       |       |   136 |    26 ||   162
         Chain mail        |       |       |       |       |    18 ||    18
  Dodge: Dodged            |    98 |    48 |   162 |   377 |   125 ||   810
         Repelled          |       |       |       |     1 |       ||     1
  Block: Buckler           |    35 |    12 |    42 |    98 |    42 ||   229

Table legend: (Time is in decaauts)
 A = Elapsed time spent in this place.
 B = Non-inter-level travel time spent in this place.
 C = Inter-level travel time spent in this place.
 D = Time resting spent in this place.
 E = Time spent auto-exploring this place.
 F = Levels seen in this place.
 G = Mean time per level.
                   A        B        C        D        E       F      G
               +--------+--------+--------+--------+--------+-----+--------+
         Total |  11555 |  11076 |    479 |    307 |   8265 |  18 |  641.9 |
       Dungeon |   7559 |   7189 |    370 |    307 |   5321 |  11 |  687.2 |
        Temple |     61 |     61 |      0 |      0 |      0 |   1 |   61.0 |
          Lair |   3638 |   3529 |    109 |      0 |   2823 |   5 |  727.6 |
       Ossuary |    295 |    295 |      0 |      0 |    121 |   1 |  295.0 |
               +--------+--------+--------+--------+--------+-----+--------+

Top non-repeatable levels by time:
  Lair:3: 960 daAuts
  Lair:4: 949 daAuts
    D:11: 946 daAuts
  Lair:2: 890 daAuts
     D:5: 850 daAuts
     D:8: 777 daAuts
     D:6: 765 daAuts
     D:1: 723 daAuts
     D:2: 715 daAuts
     D:4: 701 daAuts
     D:9: 695 daAuts
  Lair:1: 686 daAuts
    D:10: 515 daAuts
     D:3: 465 daAuts
     D:7: 402 daAuts
